 Dungeon Crawl Stone Soup version 0.26.1-11-gd32895ea62 (webtiles) character file.

Game seed: 1935417048965188296

12535 dtburroughs the Cleaver (level 11, -2/101 HPs)
             Began as a Minotaur Berserker on June 7, 2021.
             Was a High Priest of Trog.
             Slain by a yak (10 damage)
             ... on level 9 of the Dungeon.
             The game lasted 00:28:35 (13714 turns).

dtburroughs the Cleaver (Minotaur Berserker)       Turns: 13714, Time: 00:28:36

Health: -2/101     AC: 22    Str: 21    XL:     11   Next: 63%
Magic:  10/10      EV:  8    Int:  7    God:    Trog [*****.]
Gold:   755        SH: 10    Dex: 11    Spells: 10/10 levels left

rFire    + . .     SeeInvis .   T - +4 eveningstar (flame)
rCold    . . .     Faith    .   Q - +0 kite shield
rNeg     . . .     Spirit   .   b - +3 plate armour
rPois    +         Reflect  .   (helmet restricted)
rElec    .         Harm     .   p - +2 cloak
rCorr    .         Rampage  .   f - +0 pair of gloves
Will     ++...                  (no boots)
Stlth    ..........             (no amulet)
HPRegen  1.26/turn              c - ring of protection from fire
MPRegen  0.12/turn              U - ring of poison resistance

@: regenerating
A: retaliatory headbutt, horns 2
a: Renounce Religion, Berserk, Trog's Hand, Brothers in Arms


You were on level 9 of the Dungeon.
You worshipped Trog.
Trog was extremely pleased with you.
You visited 2 branches of the dungeon, and saw 13 of its levels.
You also visited: Ossuary.

You collected 800 gold pieces.
You spent 45 gold pieces at shops.

Inventory:

Hand Weapons
 g - a +1 hand axe of flaming
 s - a +1 war axe of freezing
 u - a +2 vorpal mace
 R - a +3 war axe of flaming
 T - a +4 eveningstar of flaming (weapon)
Armour
 b - a +3 plate armour (worn)
 f - a +0 pair of gloves (worn)
 p - a +2 cloak (worn)
 Q - a +0 kite shield (worn)
Jewellery
 c - a ring of protection from fire (left hand)
 G - an uncursed ring of stealth
 H - an uncursed ring of protection from cold
 U - a ring of poison resistance (right hand)
Wands
 x - a wand of polymorph (26)
 E - a wand of digging (4)
 I - a wand of disintegration (18)
 P - a wand of paralysis (3)
 S - a wand of acid (11)
Scrolls
 a - 3 scrolls of fear
 i - 3 scrolls of fog
 l - 8 scrolls of magic mapping
 n - 8 scrolls of teleportation
 q - 2 scrolls of enchant weapon
 v - 6 scrolls of remove curse
 y - 3 scrolls of noise
 C - a scroll of acquirement {unknown}
 D - 2 scrolls of immolation
 J - 3 scrolls of enchant armour
 M - a scroll of random uselessness {unknown}
 O - a scroll of blinking {unknown}
Potions
 e - 2 potions of brilliance {unknown}
 j - 4 potions of haste
 k - 4 potions of lignification
 m - a potion of magic {unknown}
 o - 2 potions of attraction {unknown}
 r - a potion of ambrosia {unknown}
 t - 2 potions of heal wounds {unknown}
 w - 9 potions of curing
 z - 4 potions of invisibility
 A - 2 potions of berserk rage {unknown}
 B - a potion of cancellation {unknown}
 F - 2 potions of resistance {unknown}
 K - 3 potions of flight
 L - a potion of might {unknown}
Miscellaneous
 N - a condenser vane


   Skills:
 + Level 10.8 Fighting
 + Level 10.8 Axes
 + Level 10.3 Armour
 + Level 9.6 Dodging
 + Level 5.6 Shields
 + Level 5.5 Evocations


You had 10 spell levels left.
You didn't know any spells.
Your spell library was empty.

Dungeon Overview and Level Annotations

Branches:
Dungeon (12/15)            Temple (0/1) D:5            Lair (1/6) D:9
    Orc (0/2) D:11        Ossuary (visited)

Altars:
Ashenzari
Cheibriados
Elyvilon
Makhleb
Okawaru
Qazlal
Yredelemnul

Shops:
D:6 :??


Innate Abilities, Weirdness & Mutations

You reflexively headbutt those who attack you in melee.
You have a pair of horns on your head.


Message History

The yak gores you but does no damage.
You sock the yak! You burn the yak.
You kill the yak!
Trog accepts your kill. The yak gores you but does no damage.
The yak gores you!
* * * LOW HITPOINT WARNING * * *
The yak gores you but does no damage. The yak barely misses you.
You feel better. The yak gores you but does no damage. The yak gores you!
* * * LOW HITPOINT WARNING * * *
The yak gores you but does no damage.
Your skin crawls.
You feel strong-willed. The yak gores you but does no damage.
The yak gores you.
* * * LOW HITPOINT WARNING * * *
You block the yak's attack.
Things that are here:
a yak corpse; a yak corpse Your two-headed ogre goes berserk!
The yak gores you!
You die...

..###.....§§..# #.#...#.... ..#
#......§..# #.#'###.### ..#
#.###.....#########.......... ..#
#.###..§§.§.................. ..#
#........§.≈≈........)....### ..#
######..≈≈≈§≈≈..####......... ..#
#...#..≈≈.Y≈≈§....#......... ..#
#...#...§YY§§§....#.........
######...#..≈≈≈≈@§§....#.........
.........#...≈≈≈≈§§.#..'.........
######...#.....≈≈≈O..########....
.....#...'..............# #.##.
.....'...#..............#####....
.....#...#..............#...#'###
.###.#...#.......###....#......[.
.###.#...#..####.# #.##.#...#####
.....#####.......# #....#...#....


You could see 3 yaks and a friendly two-headed ogre (summoned, berserk).

Vanquished Creatures
  A centaur warrior (D:11)
  A death yak (D:10)
  An ogre mage (D:11)
  An unseen horror (D:10)
  A gargoyle (D:10)
  A centaur skeleton (D:10)
  A troll (D:10)
  A slime creature (D:11)
  Grinder (D:5)
  A shadow (D:11)
  21 yaks
  A wraith (D:11)
  A black bear (D:8)
  A sky beast (D:9)
  An ice beast (D:5)
  4 orc warriors
  3 phantoms
  3 necrophages
  6 ogres
  3 centaurs
  A wyvern zombie (D:11)
  7 bullfrogs
  A scorpion (D:6)
  2 troll zombies (D:11)
  5 killer bees (D:10)
  7 wights
  2 howler monkeys (D:9)
  A crimson imp (D:9)
  4 centaur zombies
  A human zombie (Ossuary)
  5 jellies
  6 orc priests
  Crazy Yiuf (D:5)
  4 hounds
  2 bullfrog skeletons
  3 iguanas
  4 worker ants
  9 orc wizards
  4 ogre zombies (D:11)
  2 hound zombies
  A hound skeleton (D:4)
  2 mummies (Ossuary)
  2 worker ant zombies
  3 gnolls (D:8)
  14 adders
  3 shadow imps
  4 white imps
  2 ufetubi
  2 oozes
  An adder skeleton (D:7)
  2 adder zombies (Ossuary)
  3 worms
  2 dart slugs
  6 leopard geckos
  55 orcs
  2 ball pythons
  5 bats
  3 giant cockroaches
  15 goblins
  18 hobgoblins
  6 jackals (D:2)
  6 frilled lizards
  3 goblin skeletons (D:11)
  6 goblin zombies
  2 hobgoblin skeletons (D:11)
  13 hobgoblin zombies
  2 jackal zombies (Ossuary)
  17 kobolds
  11 kobold zombies (Ossuary)
  12 orc zombies
  2 rats
  A rat zombie (Ossuary)
351 creatures vanquished.

Vanquished Creatures (collateral kills)
  A fire dragon (D:9)
  A yak (D:10)
  An orc warrior (D:11)
  A hound (D:9)
  2 orcs (D:11)
6 creatures vanquished.

Vanquished Creatures (others)
  A plant (D:8)
1 creature vanquished.

Grand Total: 358 creatures vanquished

Notes
Turn   | Place    | Note
-------+----------+-------------------------------------------
     0 | D:1      | dtburroughs the Minotaur Berserker began the quest for the
                  | Orb.
     0 | D:1      | Reached XP level 1. HP: 19/19 MP: 0/0
   239 | D:1      | Reached XP level 2. HP: 24/27 MP: 1/1
  1252 | D:2      | Reached XP level 3. HP: 25/33 MP: 2/2
  1387 | D:2      | Reached ** piety under Trog
  1610 | D:2      | Found a broken altar of Ashenzari.
  1804 | D:2      | Reached XP level 4. HP: 41/41 MP: 3/3
  2900 | D:3      | Noticed a bullfrog
  2906 | D:3      | Killed a bullfrog
  2907 | D:3      | Reached XP level 5. HP: 47/47 MP: 4/4
  2973 | D:3      | Reached *** piety under Trog
  3048 | D:3      | Reached skill level 5 in Axes
  3052 | D:3      | Reached skill level 5 in Fighting
  3367 | D:4      | Noticed an ogre
  3385 | D:4      | Reached XP level 6. HP: 56/56 MP: 5/5
  3445 | D:4      | Found a snail-covered altar of Cheibriados.
  3448 | D:4      | Found a basalt altar of Yredelemnul.
  3453 | D:4      | Found an iron altar of Okawaru.
  4164 | D:5      | Entered Level 5 of the Dungeon
  4263 | D:5      | Reached XP level 7. HP: 62/62 MP: 6/6
  4276 | D:5      | Reached skill level 5 in Armour
  4308 | D:5      | Noticed Grinder
  4348 | D:5      | Killed Grinder
  4349 | D:5      | Reached skill level 5 in Dodging
  4386 | D:5      | Found a sand-covered staircase.
  4395 | Ossuary  | Entered an ossuary
  4453 | Ossuary  | Reached **** piety under Trog
  4682 | D:5      | Found a staircase to the Ecumenical Temple.
  4871 | D:5      | Reached XP level 8. HP: 50/71 MP: 7/7
  5090 | D:5      | Found a runed translucent door.
  5091 | D:5      | Noticed Crazy Yiuf
  5571 | D:5      | Found a white marble altar of Elyvilon.
  5747 | D:5      | Killed Crazy Yiuf
  5928 | D:6      | Found Pujealesuo's Magic Scroll Shop.
  5942 | D:6      | Bought a scroll of remove curse for 45 gold pieces
  6344 | D:6      | Found Qetetull's Magic Scroll Emporium.
  6392 | D:6      | Found Fipun's Book Emporium.
  7115 | D:7      | Reached ***** piety under Trog
  7194 | D:7      | Reached XP level 9. HP: 81/81 MP: 8/8
  7258 | D:7      | Found a burning altar of Makhleb.
  7258 | D:7      | Noticed a blizzard demon
  7844 | D:8      | Found a stormy altar of Qazlal.
  7876 | D:8      | Reached skill level 1 in Evocations
  9105 | D:9      | Found a staircase to the Lair.
  9106 | D:9      | Noticed a fire dragon
  9133 | D:9      | Killed a fire dragon
  9776 | D:10     | Entered Level 10 of the Dungeon
  9981 | D:10     | Noticed a troll
  9993 | D:10     | Killed a troll
  9994 | D:10     | Reached XP level 10. HP: 57/91 MP: 9/9
 10588 | D:10     | Reached skill level 1 in Shields
 11097 | D:10     | Killed an unseen horror
 11210 | D:10     | Noticed a gargoyle
 11231 | D:10     | You fall into a shaft and drop 2 floors!
 11340 | D:10     | Killed a gargoyle
 11419 | D:10     | Reached skill level 10 in Fighting
 11419 | D:10     | Reached skill level 10 in Axes
 11454 | D:10     | Reached XP level 11. HP: 76/99 MP: 10/10
 11680 | D:10     | Noticed a death yak
 11698 | D:10     | Killed a death yak
 12028 | D:10     | Reached skill level 5 in Evocations
 12071 | D:10     | Reached skill level 10 in Armour
 12621 | D:11     | Received a gift from Trog
 12660 | D:11     | Noticed a centaur warrior
 12676 | D:11     | Killed a centaur warrior
 12682 | D:11     | Reached skill level 5 in Shields
 13051 | D:11     | Found a staircase to the Orcish Mines.
 13538 | D:11     | Noticed an ogre mage
 13546 | D:11     | Killed an ogre mage
 13690 | Lair:1   | Entered Level 1 of the Lair of Beasts
 13711 | D:9      | HP: 5/101 [yak (9)]
 13714 | D:9      | Slain by a yak

Illustrated notes

Levels and vault maps discovered:
D:1:      evilmike_arrival_plus, layout_loops_ring
D:2:      layout_loops_corners, overflow_temple_1_default
D:3:      layout_loops_ring
D:4:      layout_basic, grunt_temple_overflow_diamond, kennysheep_minor_cross,
          minmay_misc_feat_plants
D:5:      layout_loops_corners, lemuel_coloured_pillars_altar,
          minmay_temple_entry_wispy, nicolae_ossuary_entry_ruins,
          minmay_between, uniq_crazy_yiuf_cottage, uniq_grinder
D:6:      layout_loops_corners, serial_shops, shop, shop,
          nicolae_shop_behind_doors
D:7:      layout_cave_pools, makhleb_altar_promises_db
D:8:      corexii_shantytown, layout_rooms, basic_altar, st_stairs_14,
          kennysheep_generic_room_5
D:9:      layout_stronghold, minmay_lair_entry_lava, minmay_fire_ice_demons
D:10:     argonaut_augean_stables, layout_basic
D:11:     layout_cross, zombieorc1_lemuel, gauntlet_entry_generic,
          hangedman_corner_corridor
D:12:     layout_rooms
Lair:1:   layout_cave_pods, ebering_ghost_rock_garden, beast_lair_carwin_8,
          serial_bayou_shore_a

Skill      XL: |  1  2  3  4  5  6  7  8  9 10 11 |
---------------+----------------------------------+-----
Fighting       | 4 5 6 7 9 10 | 10.8
Axes           | 4 5 6 7 9 10 | 10.8
Armour         | 3 4 6 7 8 9 10 | 10.3
Dodging        | 3 4 5 6 7 9 |  9.6
Evocations     | 3 4 5 |  5.5
Shields        | 3 5 |  5.6

Action                   |  1- 3 |  4- 6 |  7- 9 | 10-12 || total
-------------------------+-------+-------+-------+-------++-------
Melee: Hand axe          |    85 |    83 |   296 |       ||   464
       Headbutt          |     7 |    28 |    75 |    74 ||   184
       War axe           |       |    60 |    69 |   242 ||   371
       Battleaxe         |       |       |    40 |       ||    40
       Eveningstar       |       |       |       |   102 ||   102
Invok: Trog's Hand       |       |       |     3 |     5 ||     8
       Brothers in Arms  |       |       |     1 |     3 ||     4
  Use: Scroll            |       |     6 |     7 |     7 ||    20
       Potion            |       |       |       |     2 ||     2
Armor: Animal skin       |    20 |     2 |       |       ||    22
       Plate armour      |       |    66 |   250 |   269 ||   585
       Ring mail         |       |     7 |       |       ||     7
Dodge: Dodged            |    68 |    63 |   158 |   100 ||   389
Block: Kite shield       |       |       |       |   144 ||   144
